 Dungeon Crawl Stone Soup version 0.29-a0-283-ga02f740833 (webtiles) character file.

Game seed: 3490788864795849057

773 PaleWalker the Changer (level 7, -6/61 HPs)
             Began as a Troll Transmuter on Mar 14, 2022.
             Was an Initiate of Makhleb.
             Killed from afar by Dowan (15 damage)
             ... with a stone arrow
             ... on level 5 of the Dungeon.
             The game lasted 00:06:27 (3748 turns).

PaleWalker the Changer (Troll Transmuter)           Turns: 3748, Time: 00:06:28

Health: -6/61      AC:  4    Str: 19    XL:     7   Next: 53%
Magic:  11/11      EV:  9    Int: 11    God:    Makhleb [......]
Gold:   214        SH:  0    Dex: 10    Spells: 12/13 levels left

rFire   . . .      SeeInvis .     - Unarmed
rCold   . . .      Faith    .   (no shield)
rNeg    . . .      Spirit   .   a - +0 robe
rPois   .          Reflect  .   (helmet restricted)
rElec   .          Harm     .   m - scarf {repulsion}
rCorr   .          Rampage  .   (gloves unavailable)
Will    .....                   (boots unavailable)
Stlth   +.........              c - amulet of magic regeneration
HPRegen 1.00/turn               (no ring)
MPRegen 0.52/turn               (no ring)

@: repel missiles
A: large, unfitting armour, claws 3, regeneration 1, shaggy fur 1, tough skin 1
a: Renounce Religion


You were on level 5 of the Dungeon.
You worshipped Makhleb.
Makhleb was noncommittal.
You visited 2 branches of the dungeon, and saw 6 of its levels.

You collected 214 gold pieces.

Inventory:

Armour
 a - a +0 robe (worn)
 m - a scarf of repulsion (worn)
Jewellery
 c - an amulet of magic regeneration (around neck)
 q - a ring of see invisible
Wands
 l - a wand of charming (5)
Scrolls
 g - a scroll of vulnerability {unknown}
 i - 3 scrolls of fog {unknown}
 j - 2 scrolls of identify {unknown}
 n - 2 scrolls of teleportation {unknown}
 o - a scroll of enchant weapon {unknown}
Potions
 b - 4 potions of lignification
 d - 2 potions of flight {unknown}
 e - a potion of heal wounds {unknown}
 f - a potion of curing {unknown}
 h - a potion of attraction {unknown}
 k - a potion of mutation {unknown}
 p - a potion of resistance {unknown}
 r - a potion of might {unknown}


   Skills:
 - Level 0.7 Fighting
 - Level 1.5 Dodging
 - Level 3.0 Unarmed Combat
 + Level 3.9 Spellcasting
 + Level 4.7 Transmutations


You had 12 spell levels left.
You knew the following spells:

 Your Spells              Type           Power      Damage    Failure   Level
a - Beastly Appendage     Tmut           24%        N/A       3%          1

Your spell library contained the following spells:

 Spells                   Type           Power      Damage    Failure   Level
 Wereblood                Tmut           12%        N/A       5%          2
 Slow                     Hex            8%         N/A       24%         1
 Spider Form              Tmut/Pois      7%         N/A       26%         3
 Blink                    Tloc           4%         N/A       36%         2
 Confusing Touch          Hex            2%         N/A       58%         3
 Lesser Beckoning         Tloc           2%         N/A       58%         3
 Vampiric Draining        Necr           2%         2d6       58%         3
 Ice Form                 Ice/Tmut       7%         N/A       65%         4
 Manifold Assault         Tloc           2%         N/A       100%        5


Dungeon Overview and Level Annotations

Branches:
Dungeon (5/15)             Temple (1/1) D:5

Altars:
Ashenzari
Dithmenos
Elyvilon
Fedhas
Hepliaklqana
Kikubaaqudgha
Makhleb
Okawaru
Qazlal
Ru
Sif Muna
Trog
Uskayaw
Vehumet
Wu Jian
Xom
Yredelemnul

Annotations:
D:5 Dowan


Innate Abilities, Weirdness & Mutations

You are too large for most types of armour.
You have claws for hands.
Your natural rate of healing is unusually fast.
You are covered in fur. (AC +1)
You have tough skin. (AC +1)


Message History

* * * LOW HITPOINT WARNING * * *
Dowan hits you with a +0 dagger.
* * * LOW HITPOINT WARNING * * *
You scratch Duvessa.
Duvessa is almost dead.
Duvessa closely misses you.
Dowan points at you and mumbles some strange words.
The puff of frost is repelled.
You barely miss Duvessa. You claw Duvessa.
Duvessa is almost dead.
Duvessa barely misses you. Dowan barely misses you.
You barely miss Duvessa. You claw Duvessa.
You kill Duvessa!
Makhleb accepts your kill.
Dowan screams, "No!
Oh no!"
Dowan seems to find hidden reserves of power!
Dowan hits you but does no damage.
You scratch Dowan. You headbutt Dowan.
Dowan is almost dead.
Dowan casts a spell.
Dowan blinks!
Dowan casts a spell at you. The shard of ice hits you!
* * * LOW HITPOINT WARNING * * *
Things that are here:
a +0 short sword; a +0 ring mail You are too injured to fight recklessly!
Your horns disappear.
Your talons disappear.
Dowan casts a spell.
Dowan blinks!
Dowan casts a spell.
Dowan blinks!
Dowan mumbles some strange words.
Dowan blinks!
Dowan says, "Her death will not be in vain!"
Dowan mumbles some strange words.
Dowan blinks!
Dowan casts a spell at you. The stone arrow hits you!
You die...

.## ##. ..#
##..##..# ###
#...#...##...
###...#..!.....
#..............
........e......
.####..........
#..@.#.....
#.)..# ....
###$.§.## ...
#####.§.....###..
..............# #
..............#
######.<......#
###......#
#...).##


You could see Dowan (fast).

Vanquished Creatures
  Duvessa (D:5)
  A phantom (D:4)
  A bullfrog (D:4)
  A scorpion (D:5)
  2 necrophages
  A hound (D:4)
  An orc priest (D:4)
  An iguana (D:4)
  Natasha (twice) (D:2)
  Terence (D:2)
  2 adders
  8 gnolls
  3 worms (D:2)
  2 dart slugs
  6 orcs (D:4)
  7 ball pythons
  4 bats
  6 endoplasms
  3 giant cockroaches
  6 goblins
  6 hobgoblins
  2 jackals (D:3)
  4 quokkas
  4 frilled lizards (D:1)
  4 kobolds
  4 rats
83 creatures vanquished.

Notes
Turn   | Place    | Note
-------+----------+-------------------------------------------
     0 | D:1      | PaleWalker the Troll Transmuter began the quest for the
                  | Orb.
     0 | D:1      | Reached XP level 1. HP: 18/18 MP: 1/1
   217 | D:1      | Reached XP level 2. HP: 26/26 MP: 0/3
   510 | D:1      | Reached skill level 2 in Transmutations
  1106 | D:2      | Reached XP level 3. HP: 32/32 MP: 4/4
  1148 | D:2      | Noticed Terence
  1162 | D:2      | Killed Terence
  1163 | D:2      | Reached XP level 4. HP: 10/40 MP: 6/6
  1347 | D:2      | Found a faded altar of an unknown god.
  1360 | D:2      | Noticed Natasha
  1374 | D:2      | Killed Natasha
  1532 | D:2      | Reached XP level 5. HP: 18/46 MP: 7/7
  1736 | D:2      | Noticed Natasha
  1746 | D:2      | Killed Natasha
  1747 | D:2      | Reached skill level 3 in Transmutations
  2632 | D:4      | Reached XP level 6. HP: 54/54 MP: 9/9
  2986 | D:4      | Reached skill level 4 in Transmutations
  3273 | D:5      | Entered Level 5 of the Dungeon
  3286 | D:5      | Reached XP level 7. HP: 45/61 MP: 11/11
  3410 | D:5      | Found a staircase to the Ecumenical Temple.
  3417 | Temple   | Entered the Ecumenical Temple
  3535 | Temple   | Became a worshipper of Makhleb the Destroyer
  3724 | D:5      | Noticed Dowan
  3725 | D:5      | Noticed Duvessa
  3741 | D:5      | Killed Duvessa
  3748 | D:5      | Killed from afar by Dowan

Illustrated notes

Levels and vault maps discovered:
D:1:      lightli_arrival_quake, layout_loops_corners,
          chequers_hall_statues_wall_a, serial_bayou_pond_d
D:2:      layout_basic, shapermc_ecumenical_altar_gd, uniq_terence, uniq_natasha
D:3:      layout_loops_cross, kennysheep_generic_room_13
D:4:      layout_gridville, kennysheep_decorative_pillar, st_stairs_2,
          minivault_27
D:5:      layout_layer_cave, temple_green, uniq_duvessa
Temple:   mainiacjoe_temple_circle_huts

Skill      XL: |  1  2  3  4  5  6 |
---------------+-------------------+-----
Transmutations | 2 3 4 |  4.7
Spellcasting   | 2 3 |  3.9
Fighting       | |  0.7
Dodging        | |  1.5
Unarmed Combat | |  3.0

Action                   |  1- 3 |  4- 6 |  7- 9 || total
-------------------------+-------+-------+-------++-------
Melee: Unarmed           |    72 |   144 |    36 ||   252
       Punch             |     3 |       |     1 ||     4
       Headbutt          |     5 |     7 |     6 ||    18
       Kick              |     4 |    11 |     6 ||    21
 Cast: Beastly Appendage |     4 |    11 |     2 ||    17
 Stab: Sleeping          |     2 |       |       ||     2
Armor: Robe              |    21 |    30 |     7 ||    58
       Skin              |       |     1 |       ||     1
Dodge: Dodged            |    27 |    60 |    13 ||   100
       Repelled          |       |       |     2 ||     2

Table legend: (Time is in decaauts)
 A = Elapsed time spent in this place.
 B = Non-inter-level travel time spent in this place.
 C = Inter-level travel time spent in this place.
 D = Time resting spent in this place.
 E = Time spent auto-exploring this place.
 F = Levels seen in this place.
 G = Mean time per level.
                   A        B        C        D        E       F      G
               +--------+--------+--------+--------+--------+-----+--------+
         Total |   3765 |   3646 |    119 |      0 |   2997 |   6 |  627.5 |
       Dungeon |   3625 |   3527 |     98 |      0 |   2904 |   5 |  725.0 |
        Temple |    139 |    118 |     21 |      0 |     93 |   1 |  139.0 |
               +--------+--------+--------+--------+--------+-----+--------+

Top non-repeatable levels by time:
     D:1: 984 daAuts
     D:4: 860 daAuts
     D:2: 825 daAuts
     D:3: 621 daAuts
     D:5: 334 daAuts
  Temple: 139 daAuts
